[Event "*** Titled Tuesday Blitz"]
[Site "Chess.com"]
[Date "2018.09.04"]
[Round "7"]
[White "Aklanion"]
[Black "MFBerna"]
[Result "0-1"]
[WhiteElo "2153"]
[BlackElo "2369"]
[TimeControl "180+2"]
[EndTime "15:11:47 PDT"]
[Termination "MFBerna won by resignation"]

1. e4 c6 2. d4 d5 3. exd5 cxd5 4. c4 Nf6 5. Nc3 Nc6 6. Nf3 Be6 7. c5 Bg4 8. Bg5 e6 9. Bb5 Be7 10. Qa4 O-O 11. Bxc6 Bxf3 12. gxf3 bxc6 13. Qxc6 Rb8 14. b3 Qa5 15. Bd2 Qa3 16. O-O Qb2 17. Rfd1 Qc2 18. Qa6 Qf5 19. Qe2 Bd8 20. Kh1 Bc7 21.
Rg1 Qh3 22. Rg2 g6 23. Nb5 Rxb5 24. Qxb5 Qxf3 25. Re1 Ne4 26. Qe2 Qh3 27. Qe3 Qh4 28.
Kg1 Kg7 29. f3 Nxd2 30. Qxd2 Bf4 31. Qe2 h5 32. b4 Rb8 33. b5 Rxb5 34. Rd1 Rb4 35.
Qe1 Qxe1+ 36. Rxe1 Rxd4 37. Rc2 Bc7 38. Re3 Kf6 39. Rb3 Ke7 40. Rb7 Kd7 41. Rxa7 Rd1+ 42. Kg2 d4 43. Ra3 Kc6 44. Kf2 d3 45. Rb2 Be5 46.
Rb6+ Kxc5 47. Rbb3 Bd4+ 48. Kg3 Rg1+ 49. Kf4 d2 50. Ra5+ Kc4 51. Ra4+ Kc5 52. Ra5+ Kc6 53. Ra6+ Kd5 54. Ra5+ Kd6 55. Ra6+ Ke7 56. Rd3 e5+ 57.
Ke4 d1=Q 58. Rxd1 Rxd1 59. Ra7+ Ke6 60. Ra6+ Ke7 61. a4 Re1+ 62. Kd5 Rf1 63. Ke4 f5+ 64. Kd5 Rxf3 65. Rxg6 Ra3 66. Rg5 f4 67. Rxh5 f3 68. Rf5 f2 69. h4 Rxa4 70. h5 Ra1 71. Rg5 f1=Q 0-1

[Event "*** Titled Tuesday Blitz"]
[Site "Chess.com"]
[Date "2018.09.04"]
[Round "7"]
[White "gmjlh"]
[Black "GMBenjaminBok"]
[Result "1-0"]
[WhiteElo "2714"]
[BlackElo "2645"]
[TimeControl "180+2"]
[EndTime "15:12:01 PDT"]
[Termination "gmjlh won by resignation"]

1. d4 d5 2. Nf3 Nf6 3. c4 e6 4. g3 Bb4+ 5. Bd2 Be7 6. Bg2 O-O 7. O-O c6 8. Qc2 Nbd7 9. Bf4 b6 10. Rd1 Ba6 11. Ne5 Rc8 12. Nc3 Bxc4 13. Nxc4 dxc4 14. e4 b5 15. a4 a6 16. axb5 axb5 17. d5 cxd5 18.
exd5 e5 19. d6 exf4 20. dxe7 Qxe7 21. Nxb5 fxg3 22. hxg3 Ne5 23. Nd6 Rc7 24. Nf5 Qc5 25. Qd2 Nf3+ 26. Bxf3 Qxf5 27. Kg2 h6 28. Ra5 Rc5 29.
Ra7 Rb8 30. Ra8 Rxa8 31. Bxa8 Rb5 32. Qd4 Rb8 33. Bf3 Rb3 34. Bc6 Qe6 35. Bf3 g6 36.
Rd2 Qf5 37. Bc6 Rd3 38. Rxd3 cxd3 39. b4 Ng4 40. b5 Ne5 41. Be4 Qf6 42. b6 Nd7 43.
Qxd7 Qxb6 44. Qxd3 Qf6 45. Qf3 Qe7 46. Bd5 h5 47. Qe4 Qf6 48. Qe8+ Kg7 49. Qd7 Kg8 50. Bc4 Kg7 51. Qd5 Kg8 52. Qf3 Qe7 53. Bd5 Kg7 54.
Qc3+ f6 55. Kf3 Qd7 56. Qc6 Qe7 57. Qe6 Qd8 58. Qf7+ Kh6 59. Kg2 f5 60. Qg8 Qf6 61. Qe6 Qd4 62. Qe3+ Qxe3 63. fxe3 Kg5 64. Kf3 Kf6 65.
Bc6 Ke7 66. Kf4 Kf6 67. Be8 g5+ 68. Kf3 h4 69. gxh4 gxh4 70. Kf4 h3 71. Bc6 h2 72. Kg3 Ke5 73. Kxh2 f4 74. e4 Kd4 75. Kg2 1-0

[Event "*** Titled Tuesday Blitz"]
[Site "Chess.com"]
[Date "2018.09.04"]
[Round "7"]
[White "Caisachess"]
[Black "335394862"]
[Result "1-0"]
[WhiteElo "2221"]
[BlackElo "2299"]
[TimeControl "180+2"]
[EndTime "15:12:14 PDT"]
[Termination "Caisachess won by checkmate"]

1. e4 c5 2. c3 d5 3. exd5 Qxd5 4. d4 Nf6 5. Nf3 e6 6. Be3 cxd4 7. cxd4 Nc6 8. Nc3 Qd6 9. Bd3 Be7 10. a3 O-O 11. O-O a6 12. Qe2 b5 13. Rad1 Bb7 14. Bb1 Rfd8 15.
Rfe1 Rac8 16. Bc1 Qb8 17. Ba2 Re8 18. Ne5 Nxe5 19. dxe5 Nd5 20. Nxd5 exd5 21. Bxd5 Bc5 22. Bxb7 Qxb7 23. Qg4 Re6 24. Qe4 Qe7 25. Bf4 Re8 26.
Qd5 Bb6 27. h3 Qh4 28. Qf3 Bc7 29. Bg3 Qe7 30. Qc3 Bb6 31. Kh1 Rg6 32. Rd3 h6 33.
Red1 Qg5 34. Qd2 Qf5 35. Rd6 Ree6 36. Rxe6 Rxe6 37. Qd3 Qh5 38. f4 Rg6 39. Kh2 a5 40. Rf1 b4 41. axb4 axb4 42. f5 Rg5 43. e6 fxe6 44.
fxe6 Qe8 45. Qc4 Kh7 46. Re1 Bd8 47. e7 Bxe7 48. Qe4+ Qg6 49. Qxg6+ Kxg6 50. Rxe7 Rd5 51. Re4 b3 52. Re3 Rb5 53. Be5 Kf5 54. Bc3 Kf4 55.
Rf3+ Ke4 56. Bxg7 h5 57. Bc3 h4 58. Kg1 Rg5 59. Kf2 Rb5 60. Rf7 Rd5 61. Ke2 Rb5 62. Rh7 Rg5 63. Rxh4+ Kd5 64. Rg4 Rf5 65. Rb4 Rg5 66. g4 Rg8 67. Rxb3 Re8+ 68. Kf2 Rf8+ 69. Kg3 Re8 70. h4 Re3+ 71. Kf4 Re2 72. g5 Rf2+ 73. Kg4 Rg2+ 74. Kh5 Ke6 75. Rb6+ Kf7 76. Rf6+ Kg8 77. g6 Rg3 78. Bb4 Rg1 79. Rf8+ Kg7 80.
Rf7+ Kg8 81. Kh6 Rxg6+ 82. Kxg6 Kh8 83. Rf8# 1-0

[Event "*** Titled Tuesday Blitz"]
[Site "Chess.com"]
[Date "2018.09.04"]
[Round "7"]
[White "Fins0905"]
[Black "TastyFrenchFries"]
[Result "0-1"]
[WhiteElo "2592"]
[BlackElo "2374"]
[TimeControl "180+2"]
[EndTime "15:12:33 PDT"]
[Termination "TastyFrenchFries won on time"]

1. d4 e6 2. c4 Nf6 3. Nf3 Bb4+ 4. Bd2 Qe7 5. g3 Nc6 6. Nc3 Bxc3 7. Bxc3 Ne4 8. Rc1 O-O 9. Bg2 d6 10. d5 Nd8 11. Nd2 Nxc3 12. Rxc3 e5 13. O-O f5 14. c5 Nf7 15. Qc2 Bd7 16. Rc1 b6 17. cxd6 cxd6 18. Qb3 Rfc8 19. Qa3 a5 20. Nc4 Rab8 21. b4 axb4 22.
Qxb4 Rc7 23. a4 Rcb7 24. Na3 Ra7 25. Nb5 Bxb5 26. axb5 g6 27. Rc6 e4 28. Qd4 Rab7 29. Rc8+ Nd8 30. h4 Qg7 31. Qe3 Qd7 32. R8c6 Ra7 33.
h5 Nxc6 34. dxc6 Qg7 35. Rd1 Qe5 36. f4 Qxb5 37. Rxd6 Qb4 38. Rd4 Qc5 39. hxg6 hxg6 40. Kh2 Rc7 41. Qd2 Rxc6 42. Rd8+ Rxd8 43. Qxd8+ Kg7 44.
Qd7+ Kf6 45. Qd8+ Qe7 46. Qh8+ Qg7 47. Qd8+ Qe7 48. Qh8+ Ke6 49. e3 Rc2 50. Qe5+ Kd7 51. Qd5+ Kc7 52. Qb3 Rc5 53. Bf1 Qd6 54. Qf7+ Qd7 55.
Qg8 Qd2+ 56. Kh3 Qxe3 57. Qf7+ Kb8 58. Qf8+ Rc8 59. Qd6+ Kb7 60. Qd5+ Ka7 61. Qd7+ Kb8 62. Qd6+ Rc7 63. Qd8+ Kb7 64. Qd5+ Ka7 65. Qa2+ Kb8 66. Qg8+ Rc8 67. Qg7 Qc5 68. Ba6 Rc7 69. Qxg6 e3 70. Qe8+ Ka7 71. Be2 Rh7+ 72. Kg2 Rc7 73. Qe6 Qc6+ 74.
Qxc6 Rxc6 75. Kf3 Re6 76. g4 fxg4+ 77. Kxg4 b5 78. f5 Re8 79. Bxb5 e2 80. Bxe2 Rxe2 81. f6 Kb6 82. Kf5 Kc7 83. f7 Rf2+ 84. Kg6 Kd7 85.
Kg7 Ke7 0-1

[Event "*** Titled Tuesday Blitz"]
[Site "Chess.com"]
[Date "2018.09.04"]
[Round "7"]
[White "dretch"]
[Black "danyuffa"]
[Result "0-1"]
[WhiteElo "2770"]
[BlackElo "2710"]
[TimeControl "180+2"]
[EndTime "15:12:35 PDT"]
[Termination "danyuffa won by resignation"]

1. d4 Nf6 2. c4 c5 3. d5 g6 4. Nc3 Bg7 5. e4 d6 6. h3 O-O 7. Nf3 e6 8. Bd3 exd5 9. cxd5 a6 10. a4 h6 11. O-O g5 12. Nd2 Nbd7 13. f4 gxf4 14.
Nc4 Ne5 15. Bxf4 Nxc4 16. Bxc4 Qe7 17. e5 dxe5 18. d6 Qd8 19. Bxe5 Be6 20. Bxe6 fxe6 21.
Qd3 Qd7 22. Qg6 Qe8 23. Qg3 Nh5 24. Qg4 Rf5 25. Bxg7 Nxg7 26. Rxf5 exf5 27. Qc4+ Qe6 28. Qxc5 Rd8 29. Rd1 Ne8 30. Qf2 Rxd6 31. Re1 Qd7 32. Qg3+ Ng7 33. Qh4 Qc6 34. Qf4 Rg6 35. Re2 Kh7 36.
Kh2 Qd6 37. Qxd6 Rxd6 38. Kg3 Kg6 39. Kf3 Kf6 40. Ke3 Ne6 41. g3 Nc5 42. Rd2 Rxd2 43. Kxd2 Ke5 44. Ke3 a5 45. h4 h5 46. Kf3 Nd3 47. Nd1 b6 48. Ke3 Nc5 49. Nc3 Ne4 50.
Ne2 Nxg3 51. Nf4 Nf1+ 52. Kf3 Nd2+ 53. Kg3 Nc4 54. b3 Nd2 55. Nxh5 Nxb3 56. Nf4 Nc5 57. h5 Nxa4 58. h6 Kf6 59. Kf3 Nc3 60. Ke3 b5 61. Kd3 Ne4 62. Kd4 a4 63. Kd3 a3 64. Kc2 Nc5 65.
Nd5+ Kg6 66. Ne7+ Kxh6 67. Nxf5+ Kg5 68. Ne3 Kf4 69. Nd5+ Ke5 70. Nb4 Kd4 71. Nc6+ Kd5 72. Nb4+ Kc4 73. Na2 Nd3 74. Kb1 Kb3 75. Ka1 b4 76. Kb1 Kc4 77. Ka1 b3 78. Kb1 bxa2+ 79. Kxa2 Kb4 80. Ka1 Kb3 81. Kb1 Nb4 82. Ka1 Nc2+ 0-1

[Event "*** Titled Tuesday Blitz"]
[Site "Chess.com"]
[Date "2018.09.04"]
[Round "7"]
[White "Spring199"]
[Black "lexisvar"]
[Result "0-1"]
[WhiteElo "2233"]
[BlackElo "2444"]
[TimeControl "180+2"]
[EndTime "15:12:50 PDT"]
[Termination "lexisvar won by checkmate"]

1. d4 Nf6 2. Nf3 e6 3. Bf4 c5 4. e3 b6 5. Nbd2 Bb7 6. Bd3 Be7 7. O-O Nc6 8. h3 cxd4 9. exd4 Nb4 10. Bb5 a6 11.
Be2 O-O 12. c3 Nbd5 13. Bh2 d6 14. Qb3 Nd7 15. Nc4 Qc7 16. Ne3 N5f6 17. c4 Rfe8 18. Rfd1 Rab8 19. Rac1 Ba8 20. Qa4 Qb7 21. c5 bxc5 22.
Bxa6 Qxb2 23. Rb1 Qxb1 24. Rxb1 Rxb1+ 25. Nf1 Bxf3 26. gxf3 cxd4 27. Bd3 Ra1 28. Qxd4 Rxa2 29. Bxd6 Bxd6 30. Qxd6 Rc8 31. Ne3 Nc5 32. Bb5 Rb2 33. Bf1 Nb3 34. Kg2 Nd2 35. Bd3 Nb3 36. Nc4 Ra2 37. Ne5 Nd5 38. Qd7 Rf8 39. Kg3 Nd4 40. Be4 Ne2+ 41. Kh2 Nef4 42. Kg3 Nh5+ 43. Kg2 Ndf4+ 44. Kg1 Nxh3+ 45. Kg2 N3f4+ 46. Kg1 Ra1+ 47. Kh2 Nf6 48. Qe7 Ra2 49. Kg3 Ne2+ 50. Kh2 Nf4 51. Kg3 N4h5+ 52. Kg2 g6 53. Nd7 Nxd7 54. Qxd7 Nf6 55.
Qd6 Nxe4 56. fxe4 Rc8 57. Kg3 Ra4 58. f3 Ra5 59. Kf4 Rh5 60. Qd7 Rf8 61. Qe7 Rb5 62.
Qf6 h5 63. Kg3 Kh7 64. f4 Rb3+ 65. Kh4 Rb7 66. f5 exf5 67. exf5 Rg8 68. Qg5 Rb4+ 69. Kh3 Rg4 70. fxg6+ fxg6 71. Qe7+ Rg7 72. Qe5 Ra4 73. Qf6 Rb7 74. Kg2 Ra5 75. Qd4 Rf5 76. Kg3 Rbf7 77.
Qd1 Rf3+ 78. Kg2 Rf2+ 79. Kg3 R7f3+ 80. Kh4 Rh2+ 81. Kg5 Rg2+ 82. Kh4 g5+ 83. Kxh5 Rh3# 0-1

[Event "*** Titled Tuesday Blitz"]
[Site "Chess.com"]
[Date "2018.09.04"]
[Round "7"]
[White "MITerryble"]
[Black "dreamist"]
[Result "1-0"]
[WhiteElo "2759"]
[BlackElo "2644"]
[TimeControl "180+2"]
[EndTime "15:13:08 PDT"]
[Termination "MITerryble won by resignation"]

1. d4 Nf6 2. Nf3 e6 3. c4 b6 4. g3 Ba6 5. Qa4 Bb7 6. Bg2 c5 7. dxc5 bxc5 8. O-O Be7 9. Nc3 O-O 10. Rd1 d6 11. Bf4 Qb6 12. Qb5 e5 13. Bg5 Qc7 14.
Nh4 Bxg2 15. Nxg2 Nc6 16. Bxf6 Bxf6 17. Nd5 Qd7 18. Nxf6+ gxf6 19. Qxc5 Nd4 20. Rxd4 exd4 21. Qxd4 Qe6 22. Nf4 Qe5 23. Qd2 Rab8 24. Rb1 Rfc8 25. Qc2 d5 26. c5 Qe4 27. Rc1 a5 28. Qd2 Qe5 29. b3 a4 30. bxa4 Rb2 31. Qa5 Qe4 32.
Qa6 Rcb8 33. Rf1 Rb1 34. f3 Qd4+ 35. Kg2 Rxf1 36. Kxf1 Rb1+ 37. Kg2 Rg1+ 38. Kh3 Qe5 39. Qa8+ Kg7 40. Qxd5 Qxd5 41. Nxd5 Rc1 42. e4 Rxc5 43. Kg4 Kg6 44. h4 h5+ 45. Kf4 Rc4 46. Nb6 Rb4 47.
a5 Rb5 48. Nc4 Rc5 49. Nb6 Rxa5 50. Nd5 Rxa2 51. Ne7+ Kg7 52. Nf5+ Kh7 53. Ne3 Kg6 54. Nd5 Ra3 55. Ne7+ Kg7 56. Nf5+ Kh7 57. Nd6 Kg6 58.
Nb5 Ra5 59. Nc7 f5 60. Nd5 fxe4 61.
Kxe4 Ra4+ 62. Ke5 Rc4 63. Nf4+ Kh6 64. Nd5 Ra4 65. Ne7 Ra3 66. Kf4 Kg7 67. Nd5 Kg6 68. Ke4 Ra4+ 69. Ke5 Ra5 70. Ke4 f5+ 71. Ke5 Rb5 72. Kd4 Rb3 73. Ne3 Kf6 74. Nd5+ Kg6 75. Nf4+ Kh6 76. Nd3 Ra3 77. Kc4 Kg6 78.
Kd4 Kf6 79. Kc4 Ke6 80. Kd4 Kd6 81. Ne5 Ra4+ 82. Nc4+ Kc6 83. Kd3 Kd5 84. Nb6+ 1-0

[Event "*** Titled Tuesday Blitz"]
[Site "Chess.com"]
[Date "2018.09.04"]
[Round "7"]
[White "LawrenceTrent"]
[Black "BlackBoarder"]
[Result "1/2-1/2"]
[WhiteElo "2548"]
[BlackElo "2445"]
[TimeControl "180+2"]
[EndTime "15:14:04 PDT"]
[Termination "Game drawn by agreement"]

1. d4 Nf6 2. Bg5 Ne4 3. Bf4 c5 4. f3 Nf6 5. dxc5 Na6 6. e4 Nxc5 7. Nc3 d6 8. Qd2 Bd7 9. O-O-O g6 10. Kb1 Bg7 11. g4 O-O 12. Bh6 Rc8 13. h4 Qa5 14.
Bxg7 Kxg7 15. h5 Na4 16. Nge2 Bb5 17. Nxa4 Qxd2 18. Rxd2 Bxa4 19. Nc3 Bc6 20. Bd3 Rfd8 21. h6+ Kf8 22. Rhd1 g5 23. Ne2 Ng8 24. Nd4 Bd7 25. Nf5 Bxf5 26. gxf5 f6 27. b3 Rc5 28. Bc4 Rdc8 29.
Be6 R8c7 30. Rg1 b5 31. f4 Nxh6 32. fxg5 fxg5 33. Rh2 Nf7 34. Rxh7 Nd8 35. Rxg5 Nxe6 36. Rg6 Nf4 37. Rg4 Ne2 38. Rg2 Nd4 39. c4 bxc4 40.
b4 Rb5 41. a3 a5 42. Kb2 axb4 43. axb4 Ke8 44. Kc3 Nc6 45. Rg8+ Kd7 46. f6 Ne5 47. Rxe7+ Kc6 48. Rxc7+ Kxc7 49. f7 Nxf7 50. Rg7 d5 51. Rxf7+ Kc6 52. Rf6+ Kc7 53. exd5 Rxd5 54. Kxc4 Rh5 55.
Rf4 Kb7 56. Rd4 Rg5 57. Kc3 Rh5 58. Kb3 Rg5 59. Ka4 Rh5 60. Rc4 Rg5 61. Rh4 Rf5 62. b5 Rf1 63. Rh7+ Kb8 64. Ka5 Rf6 65. Rg7 Rh6 66.
Rg5 Rf6 67. Rc5 Rh6 68. Rd5 Rg6 69. Kb4 Rh6 70. Kc5 Rg6 71. Re5 Rh6 72. Rg5 Rf6 73. Kd5 Rh6 74. Kc5 Rf6 75. Kb4 Rh6 76. Ka5 Rf6 77. Rc5 Rh6 78. Rc4 Rg6 79. Rf4 Rh6 80.
Kb4 Rg6 81. Kc5 Rh6 82. Rd4 Rg6 83. Kd5 Rh6 84. Rc4 Kb7 85. Kc5 Rh5+ 86. Kb4 Rh6 87. Rg4 Rf6 88. Ka5 Rh6 89. b6 Rh1 90. Rg7+ Kb8 91.
Rg8+ Kb7 92. Rg7+ Kb8 93. Kb5 Rb1+ 94. Kc6 Rc1+ 95. Kb5 Rb1+ 96. Kc5 Rc1+ 97. Kb4 Rb1+ 98. Ka5 Ra1+ 99. Kb5 Rb1+ 100. Kc6 Rc1+ 101. Kd5 Rd1+ 102. Kc4 Rc1+ 103. Kd4 Rd1+ 104. Kc3 Rb1 105. b7 Rxb7 106. Rg8+ Ka7 107. Kc4 Rb1 108. Kc5 1/2-1/2

[Event "*** Titled Tuesday Blitz"]
[Site "Chess.com"]
[Date "2018.09.04"]
[Round "7"]
[White "colemman"]
[Black "AndrewDGreen"]
[Result "1/2-1/2"]
[WhiteElo "2463"]
[BlackElo "2236"]
[TimeControl "180+2"]
[EndTime "15:15:32 PDT"]
[Termination "Game drawn by repetition"]

1. d4 Nf6 2. Nf3 g6 3. Nbd2 Bg7 4. e4 d6 5. Bc4 O-O 6. O-O Nc6 7.
Re1 e5 8. dxe5 Nxe5 9. Nxe5 dxe5 10. b3 Bh6 11. Nf3 Bxc1 12. Qxc1 Qe7 13. Qg5 Re8 14. h3 Kg7 15. Rad1 c6 16. a4 a5 17. Qe3 Qb4 18.
Ng5 Rf8 19. c3 Qe7 20. Nf3 h6 21. Qb6 Re8 22. Rd3 Nd7 23. Qc7 Nc5 24. Qxe7 Rxe7 25. Rd8 b6 26. Rd6 Bb7 27. Nd2 Rd7 28. Rxd7 Nxd7 29. f3 Rd8 30. Kf2 Nc5 31. Nf1 Ba6 32. Bxa6 Nxa6 33. Ke2 Nc5 34. Rb1 f5 35. Nd2 Ra8 36.
exf5 gxf5 37. Nc4 b5 38. Nxe5 Re8 39. f4 Nd7 40. axb5 cxb5 41. Ra1 Nxe5 42. fxe5 Rxe5+ 43. Kd3 Rd5+ 44. Kc2 b4 45. cxb4 axb4 46. Ra4 Rd4 47.
Ra6 f4 48. Rb6 h5 49. h4 f3 50. gxf3 Rxh4 51. Kd3 Rf4 52. Ke3 Rh4 53. Kf2 Rd4 54.
Kg3 Kf7 55. Rb5 Kg6 56. Kg2 Kh6 57. Kg3 Kg6 58. Kf2 h4 59. Kg2 Kf6 60. Kh3 Rd3 61.
Rxb4 Rxf3+ 62. Kxh4 Ke6 63. Kg4 Rf6 64. Rd4 Ke7 65. Kg5 Rd6 66. Rc4 Kd7 67. Kf5 Rc6 68. Rd4+ Kc7 69. Ke5 Kb7 70. Kd5 Rh6 71. Kc5 Kb8 72. Rd5 Kb7 73. Rg5 Kb8 74. Kb5 Kb7 75. Rc5 Kb8 76. Rc6 Rh1 77. Rg6 Rb1 78. b4 Kb7 79. Rg7+ Kb8 80. Kc5 Rh1 81. Rg6 Rh8 82. Kb6 Rf8 83. Ka6 Rh8 84. Rb6+ Ka8 85. Re6 Kb8 86.
Kb6 Rf8 87. Kc6 Rh8 88. Kc5 Rg8 89. Kb5 Rh8 90. Ka6 Rg8 91. Rb6+ Ka8 92. Rd6 Kb8 93. b5 Rh8 94. Rd7 Rg8 95. Rb7+ Ka8 96. Rf7 Kb8 97. b6 Rh8 98. Rb7+ Ka8 99. Rg7 Kb8 100. Ra7 Rg8 101.
Rb7+ Ka8 102. Re7 Kb8 103. Re6 Rh8 104. Kb5 Rg8 105.
Kc6 Rh8 106. Re7 Rg8 107. Rb7+ Ka8 108. Rd7 Kb8 109. Rb7+ Ka8 110. Ra7+ Kb8 111. Rf7 Rh8 112. Re7 Rg8 113. Kd6 Rh8 114. Re6 Rg8 115. Kd7 Rh8 116. Rc6 Rh7+ 117. Kd6 Rh6+ 118. Kc5 Rh5+ 119. Kc4 Rh8 120. Kb5 Rg8 121. Rd6 Rh8 122. Kc6 Rg8 123. Rd7 Rh8 124. Rb7+ Ka8 125. Ra7+ Kb8 126. Re7 Rg8 1/2-1/2

[Event "*** Titled Tuesday Blitz"]
[Site "Chess.com"]
[Date "2018.09.04"]
[Round "8"]
[White "rasmussvane"]
[Black "ChainsOfFantasia"]
[Result "1-0"]
[WhiteElo "2657"]
[BlackElo "2380"]
[TimeControl "180+2"]
[EndTime "15:16:41 PDT"]
[Termination "rasmussvane won by resignation"]

1. Nf3 Nf6 2. c4 e6 3. g3 d5 4. Bg2 Be7 5. O-O O-O 6. b3 d4 7. e3 c5 8. exd4 cxd4 9. Re1 Nc6 10. d3 Re8 11. Ne5 Nxe5 12. Rxe5 Bd6 13. Re1 e5 14. Ba3 Bd7 15. Bxd6 1-0

[Event "*** Titled Tuesday Blitz"]
[Site "Chess.com"]
[Date "2018.09.04"]
[Round "8"]
[White "335394862"]
[Black "MFguimaraes"]
[Result "1-0"]
[WhiteElo "2307"]
[BlackElo "2268"]
[TimeControl "180+2"]
[EndTime "15:18:37 PDT"]
[Termination "335394862 won by resignation"]

1. e4 e5 2. Nf3 Nf6 3. Nxe5 d6 4.
Nxf7 Kxf7 5. Nc3 c5 6. Bc4+ Be6 7. Bxe6+ Kxe6 8. O-O Be7 9. d4 cxd4 10. Qxd4 Nc6 11. Qc4+ Kd7 12. Rd1 Qa5 13. Bf4 Rac8 14. Qf7 Rcf8 15.
Rxd6+ Kc8 16. Qe6+ Kc7 17. Rxc6+ 1-0

[Event "*** Titled Tuesday Blitz"]
[Site "Chess.com"]
[Date "2018.09.04"]
[Round "8"]
[White "Zarikovs1999"]
[Black "champ2005"]
[Result "0-1"]
[WhiteElo "2185"]
[BlackElo "2732"]
[TimeControl "180+2"]
[EndTime "15:19:20 PDT"]
[Termination "champ2005 won by resignation"]

1. e4 c6 2. d4 d5 3. Nc3 dxe4 4. Nxe4 Bf5 5. Ng3 Bg6 6. Nf3 Nd7 7. h4 h6 8. h5 Bh7 9. Bd3 Bxd3 10. Qxd3 e6 11. Bd2 Ngf6 12. O-O-O Be7 13. Kb1 O-O 14. c4 b5 15. cxb5 cxb5 16. Qxb5 Rb8 17. Qe2 Qb6 18. Bc3 Nd5 19. Rc1 Rfc8 20. Ka1 a5 21. Ne5 N7f6 22.
Rhd1 a4 23. a3 Bxa3 24. bxa3 Nxc3 25. Rxc3 Rxc3 0-1

[Event "*** Titled Tuesday Blitz"]
[Site "Chess.com"]
[Date "2018.09.04"]
[Round "8"]
[White "nochewycandy"]
[Black "Supernotar"]
[Result "1-0"]
[WhiteElo "2188"]
[BlackElo "2430"]
[TimeControl "180+2"]
[EndTime "15:19:36 PDT"]
[Termination "nochewycandy won by resignation"]

1. c4 c5 2. Nf3 Nc6 3. d4 cxd4 4. Nxd4 Qb6 5. e3 e6 6. Nc3 Nf6 7. Ndb5 Ne5 8. Qd4 Qxd4 9. exd4 Nc6 10. Nc7+ Kd8 11.
Nxa8 Nxd4 12. Bd3 b6 13. Be3 Nc6 14. Nxb6 axb6 15. Bxb6+ Ke8 16. a3 Bb7 17. O-O Ne5 18. Be2 d6 19. Be3 Be7 20. b4 Kd7 21. Rfd1 Rc8 22.
c5 d5 23. Bd4 Nc6 24. Bb5 Kc7 25. Bxc6 Bxc6 26. Be5+ Kd7 27. b5 Ba8 28. c6+ Ke8 29.
a4 g6 30. f3 Ng8 31. a5 f6 32. Bd4 e5 33. Nxd5 exd4 34. Nb6 Rd8 35. Nxa8 Rxa8 36. b6 Bd6 37. a6 1-0

[Event "*** Titled Tuesday Blitz"]
[Site "Chess.com"]
[Date "2018.09.04"]
[Round "8"]
[White "TrimitziosP7"]
[Black "SARGISMV"]
[Result "0-1"]
[WhiteElo "2634"]
[BlackElo "2493"]
[TimeControl "180+2"]
[EndTime "15:20:22 PDT"]
[Termination "SARGISMV won by resignation"]

1. Nf3 Nf6 2. c4 c5 3. Nc3 g6 4.
d4 cxd4 5. Nxd4 Bg7 6. e4 O-O 7. Be3 Nc6 8. Be2 d6 9. O-O Bd7 10. f3 Nxd4 11. Bxd4 a5 12. Qd2 Bc6 13. Rfd1 Nd7 14.
Be3 Nc5 15. Rac1 Qb6 16. Rc2 a4 17. Bd4 Ra6 18. Bxg7 Nd3+ 19. Kh1 Nf2+ 20. Kg1 Nh3+ 21. Kh1 Qg1+ 0-1

[Event "*** Titled Tuesday Blitz"]
[Site "Chess.com"]
[Date "2018.09.04"]
[Round "8"]
[White "HonzaVykouk"]
[Black "dretch"]
[Result "0-1"]
[WhiteElo "2572"]
[BlackElo "2776"]
[TimeControl "180+2"]
[EndTime "15:20:44 PDT"]
[Termination "dretch won by resignation"]

1. e4 e6 2. d4 d5 3. Nd2 c5 4. exd5 Qxd5 5. Ngf3 cxd4 6. Bc4 Qd6 7. O-O Nf6 8. Nb3 Nc6 9. Nbxd4 Nxd4 10. Nxd4 Be7 11. c3 O-O 12. Qf3 Qc7 13. Bb3 Bd7 14. Re1 Bd6 15. h3 e5 16. Nf5 e4 17. Nh6+ Kh8 18.
Qe3 gxh6 19. Qxh6 Ng8 20. Qh5 Rae8 21. Be3 Be5 22. Rad1 Bg7 23. Bxa7 b6 24. Bxb6 Qxb6 25. Rxd7 Nf6 26. Qf5 Nxd7 27. Qxd7 e3 28. f3 e2+ 0-1

[Event "*** Titled Tuesday Blitz"]
[Site "Chess.com"]
[Date "2018.09.04"]
[Round "8"]
[White "b_6"]
[Black "xberli"]
[Result "1-0"]
[WhiteElo "2401"]
[BlackElo "2521"]
[TimeControl "180+2"]
[EndTime "15:20:48 PDT"]
[Termination "b_6 won by resignation"]

1. d4 Nf6 2. Bf4 g6 3. Nc3 Bg7 4. e4 d5 5. Nb5 Na6 6. e5 Nd7 7. Nf3 O-O 8. Qd2 c5 9. Bh6 cxd4 10. Bxg7 Kxg7 11. Nbxd4 Qb6 12. O-O-O Ndc5 13. Bd3 Nb4 14. Kb1 Nbxd3 15. cxd3 Bg4 16. h3 Bxf3 17. Nxf3 Rac8 18. h4 h5 19. Nd4 a5 20. Qg5 Ne6 21. Nf5+ Kh7 22. Qh6+ 1-0

[Event "*** Titled Tuesday Blitz"]
[Site "Chess.com"]
[Date "2018.09.04"]
[Round "8"]
[White "Vegan4future"]
[Black "Mikhail_Golubev"]
[Result "0-1"]
[WhiteElo "2389"]
[BlackElo "2416"]
[TimeControl "180+2"]
[EndTime "15:21:12 PDT"]
[Termination "Mikhail_Golubev won by resignation"]

1. d4 Nf6 2. c4 g6 3. Nf3 Bg7 4. g3 O-O 5. Bg2 d6 6. O-O Nbd7 7. Nc3 e5 8. e4 exd4 9. Nxd4 Re8 10. Be3 Nc5 11.
Qc2 Ng4 12. Qd2 Nxe3 13. Qxe3 f5 14. Rad1 fxe4 15. Nxe4 Bf5 16. Nxf5 gxf5 17. Nxc5 Rxe3 18. fxe3 Qg5 19. Bd5+ Kh8 20. Ne6 Qxe3+ 21. Kh1 c6 22. Rde1 Qh6 23. Bf3 Bxb2 24. Nf4 Be5 25. Bg2 Rg8 26.
Re3 Rg4 27. Ne2 Qxe3 0-1

[Event "*** Titled Tuesday Blitz"]
[Site "Chess.com"]
[Date "2018.09.04"]
[Round "8"]
[White "VeraNebolsina"]
[Black "Kimster98"]
[Result "0-1"]
[WhiteElo "2378"]
[BlackElo "2476"]
[TimeControl "180+2"]
[EndTime "15:21:20 PDT"]
[Termination "Kimster98 won by resignation"]

1. e4 d6 2. d4 Nf6 3. Nc3 c6 4. Nf3 Bg4 5. h3 Bxf3 6. Qxf3 Nbd7 7. Be3 e6 8. d5 cxd5 9. exd5 e5 10. Bb5 Be7 11. g4 a6 12. Bxd7+ Nxd7 13. Ne4 Qa5+ 14.
c3 Qxd5 15. Rd1 Qc6 16. Bg5 d5 17. Bxe7 dxe4 18. Qf5 Kxe7 19. O-O f6 20. Rfe1 g6 0-1

[Event "*** Titled Tuesday Blitz"]
[Site "Chess.com"]
[Date "2018.09.04"]
[Round "8"]
[White "Fighterman91"]
[Black "tsakos2731"]
[Result "0-1"]
[WhiteElo "2480"]
[BlackElo "2640"]
[TimeControl "180+2"]
[EndTime "15:21:21 PDT"]
[Termination "tsakos2731 won by resignation"]

1. d4 d5 2. Bf4 Nf6 3. e3 c5 4.
c3 Nc6 5. Nd2 e6 6. Ngf3 Nh5 7.
Bg5 Qb6 8. Rb1 h6 9. Bh4 g5 10. Ng1 cxd4 11. exd4 Nf4 12. Bg3 e5 13. dxe5 Bf5 14.
Rc1 Nxe5 15. Bxf4 gxf4 16. Ngf3 Nxf3+ 17. Nxf3 O-O-O 18. Be2 Rg8 19. Nd4 Rxg2 20. Bf3 Rg8 21. Nxf5 Qe6+ 22. Kf1 Qxf5 23. h3 Kb8 24. c4 d4 25. Qb3 b6 26. Rd1 d3 27. Bd5 Rxd5 28.
cxd5 Qe4 29. Qxd3 Qxh1+ 30. Ke2 Rg1 31. Rxg1 Qxg1 32. Qe4 Qc1 0-1

[Event "*** Titled Tuesday Blitz"]
[Site "Chess.com"]
[Date "2018.09.04"]
[Round "8"]
[White "wonderfultime"]
[Black "jefferyx"]
[Result "1/2-1/2"]
[WhiteElo "2838"]
[BlackElo "2807"]
[TimeControl "180+2"]
[EndTime "15:21:40 PDT"]
[Termination "Game drawn by repetition"]

1. d4 Nf6 2. Nf3 d5 3. Bf4 c5 4.
c3 e6 5. e3 Nbd7 6. h3 Be7 7.
Nbd2 O-O 8. Bd3 c4 9. Bc2 b5 10.
a3 Bb7 11. Qe2 a5 12. e4 dxe4 13. Nxe4 Bxe4 14. Bxe4 Nxe4 15. Qxe4 b4 16. axb4 Nf6 17. Qe2 axb4 18. O-O Nd5 19. Bd2 bxc3 20. bxc3 Nb6 21. Ne5 Qd5 22. Rxa8 Rxa8 23. Rb1 Bd8 24. Qg4 f6 25.
Nf3 Kf7 26. Re1 Ra3 27. Qf4 Kg8 28. Qg4 Kf7 29. Qf4 Kg8 30. Qg4 Kf7 31. Qf4 Kg8 1/2-1/2

[Event "*** Titled Tuesday Blitz"]
[Site "Chess.com"]
[Date "2018.09.04"]
[Round "8"]
[White "AkibaRubi"]
[Black "GHANDEEVAM2003"]
[Result "0-1"]
[WhiteElo "2502"]
[BlackElo "2699"]
[TimeControl "180+2"]
[EndTime "15:21:54 PDT"]
[Termination "GHANDEEVAM2003 won by resignation"]

1. d4 Nf6 2. Nf3 e6 3. Bf4 d5 4. e3 c5 5. c3 Nc6 6. Nbd2 cxd4 7.
exd4 Nh5 8. Bg5 f6 9. Bh4 Bd6 10.
Bg3 Nxg3 11. hxg3 g6 12. Bd3 Kf7 13. Qc2 Kg7 14. O-O-O e5 15. dxe5 fxe5 16. Kb1 e4 17.
Bxe4 dxe4 18. Nxe4 Bf5 19. Rxd6 Bxe4 20. Rxd8 Bxc2+ 21. Kxc2 Raxd8 22. Re1 Rhe8 23. Re3 Rxe3 24. fxe3 Kf6 25. g4 h5 26. g5+ Kf5 27. b4 a6 28.
a4 b5 29. Kb3 Ke4 30. axb5 axb5 31. c4 Rd3+ 32. Kb2 bxc4 33. b5 Rb3+ 34. Kc2 Rxb5 35. Kc3 Rf5 36. Nd2+ Kxe3 37. Nxc4+ Kf4 38. Kd3 Ne5+ 39.
Nxe5 Rxe5 40. Kd4 Re8 41. Kd5 Kxg5 42. Kd6 h4 43. Kd7 Re1 44. Kd8 Kg4 45. Kc7 Kg3 46.
Kb8 Kxg2 47. Kc7 h3 48. Kc6 h2 49. Kc5 h1=Q 50. Kd6 Qh4 51. Kd7 Qf6 52. Kc7 Re7+ 0-1

[Event "*** Titled Tuesday Blitz"]
[Site "Chess.com"]
[Date "2018.09.04"]
[Round "8"]
[White "Blagorod"]
[Black "akretchetov"]
[Result "0-1"]
[WhiteElo "2009"]
[BlackElo "2237"]
[TimeControl "180+2"]
[EndTime "15:21:58 PDT"]
[Termination "akretchetov won by resignation"]

1. e4 e5 2. Nf3 Nc6 3. Bb5 a6 4. Ba4 d6 5. O-O Bd7 6. d4 b5 7. Bb3 exd4 8. Ng5 Nh6 9. Bd5 Be7 10. Nf3 Bf6 11. Bxh6 gxh6 12. Nxd4 Nxd4 13. Bxa8 Qxa8 14. c3 Ne6 15. Nd2 Rg8 16. Qf3 Ke7 17. Rfe1 Ng5 18. Qe3 Nh3+ 19. Kf1 Bg5 20. Qd3 Nf4 21. Qd4 c5 22.
Qe3 Nxg2 23. f4 Nxe3+ 24. Rxe3 Bxf4 25. Re2 Bh3+ 26. Kf2 Rg2+ 0-1